 Dungeon Crawl Stone Soup version 0.25-a0-62-g88673ef (webtiles) character file.

Game seed: 5469526794627183342, levelgen mode: deterministic

732 Deaus the Slasher (level 7, 0/61 HPs)
             Began as a Minotaur Fighter on Oct 30, 2019.
             Killed from afar by an orc priest (15 damage)
             ... with a bolt of acid
             ... on level 4 of the Dungeon.
             The game lasted 00:05:31 (2771 turns).

Deaus the Slasher (Minotaur Fighter)                Turns: 2771, Time: 00:05:32

Health: 0/61       AC:  6    Str: 21    XL:     7   Next: 45%
Magic:  15/15      EV: 10    Int:  5    God:
Gold:   130        SH: 10    Dex: 13    Spells: 6/6 levels left

rFire    . . .     SeeInvis +   b - +11 short sword of Slime {pierce, rPois}
rCold    . . .     Gourm    +   c - +0 shield
rNeg     . . .     Faith    .   z - +3 leather armour
rPois    +         Spirit   .   (helmet restricted)
rElec    .         Reflect  .   (no cloak)
rCorr    .         Harm     .   (no gloves)
MR       .....                  (no boots)
Stlth    ..........             q - amulet of the gourmand
HPRegen  0.20/turn              g - ring of see invisible
MPRegen  0.14/turn              j - ring "Odofyg" {MP+9 Dex+2 Stlth-}

@: no status effects
A: retaliatory headbutt, horns 2
a: no special abilities


You were on level 4 of the Dungeon.
You were not hungry.

You visited 1 branch of the dungeon, and saw 4 of its levels.

You collected 130 gold pieces.

Inventory:

Hand Weapons
 a - a +0 long sword
 b - the +11 short sword of Slime (weapon) {pierce, rPois}
   (You took it off an orc priest on level 4 of the Dungeon)

   It inflicts extra damage upon your enemies.
   It protects you from poison.
 x - a +0 short sword of flaming
Armour
 c - a +0 shield (worn)
 z - a +3 leather armour (worn)
 B - a +0 scale mail
Jewellery
 g - a ring of see invisible (left hand)
 h - an uncursed ring of ice
 j - the ring "Odofyg" (right hand) {MP+9 Dex+2 Stlth-}
   (You found it on level 4 of the Dungeon)

   [ring of attention]

   It affects your dexterity (+2).
   It affects your magic capacity (+9).
   It makes you less stealthy.
 q - an amulet of the gourmand (around neck)
 y - a +2 ring of strength
Scrolls
 e - 2 scrolls of identify {unknown}
 i - 2 scrolls of enchant armour {unknown}
 k - 3 scrolls of remove curse {unknown}
 m - 2 scrolls of teleportation {unknown}
 n - a scroll of magic mapping {unknown}
 p - a scroll of random uselessness {unknown}
 v - 2 scrolls of fear {unknown}
 A - a scroll of enchant weapon {unknown}
Potions
 d - a potion of might
 l - a potion of brilliance {unknown}
 o - a potion of lignification {unknown}
 r - a potion of berserk rage {unknown}
 s - a potion of degeneration {unknown}
 t - 3 potions of haste {unknown}
 u - 3 potions of flight {unknown}
 w - a potion of resistance {unknown}
Comestibles
 f - 9 rations


   Skills:
 * Level 5.0 Fighting
 * Level 6.9 Long Blades
 * Level 5.3 Armour
 * Level 2.6 Dodging
 * Level 5.5 Shields


You had 6 spell levels left.
You didn't know any spells.
Your spell library was empty.

Dungeon Overview and Level Annotations

Branches:
Dungeon (4/15)
 Temple: D:4-7

Altars:
Elyvilon


Innate Abilities, Weirdness & Mutations

You reflexively headbutt those who attack you in melee.
You have a pair of horns on your head.


Message History

You are too injured to fight recklessly!
You are too injured to fight recklessly!
You are too injured to fight recklessly!
You are too injured to fight recklessly!
You are too injured to fight recklessly!
You are too injured to fight recklessly!
You are too injured to fight recklessly!
You are too injured to fight recklessly!
You are too injured to fight recklessly!
You are too injured to fight recklessly!
You are too injured to fight recklessly!
You are too injured to fight recklessly!
You are too injured to fight recklessly!
You are too injured to fight recklessly!
You are too injured to fight recklessly!
You are too injured to fight recklessly!
You are too injured to fight recklessly!
A quokka comes into view.
The orc priest zaps a wand.
The bolt of acid hits you!
You die...

................# #.##.##
.⌠.⌠.#......)...# #h##..#
...............)######.###.#
.....#..........[...##g###..
................###.##...##.
.........^.)....# #.##...##.
...........(...# #......##.
.............# ####...##.
.......@....# ######.
...........)# #.
.......o....# #.
............# #.
......oo)...# #.
............# ##
.........<..# r...........#
#### #...


You could see an orc priest, 2 orcs and a quokka (wandering).

Vanquished Creatures
  Eustachio (D:4)
  An ogre (D:4)
  2 howler monkeys (D:4)
  2 orc priests (D:4)
  A centaur skeleton (D:4)
  3 orc wizards
  An iguana (D:4)
  4 gnolls
  8 adders
  An ooze (D:1)
  2 worms
  6 dart slugs
  3 leopard geckos
  14 orcs
  3 giant cockroaches
  8 goblins
  9 hobgoblins
  7 jackals
  2 quokkas
  11 bats
  5 frilled lizards
  10 kobolds
  13 rats
117 creatures vanquished.

Notes
Turn   | Place    | Note
-------+----------+-------------------------------------------
     0 | D:1      | Deaus the Minotaur Fighter began the quest for the Orb.
     0 | D:1      | Reached XP level 1. HP: 19/19 MP: 0/0
    90 | D:1      | Reached XP level 2. HP: 27/27 MP: 1/1
   450 | D:1      | Reached XP level 3. HP: 33/33 MP: 2/2
   585 | D:1      | Reached skill level 3 in Long Blades
  1058 | D:2      | Reached XP level 4. HP: 32/40 MP: 3/3
  1252 | D:2      | Reached skill level 1 in Dodging
  1352 | D:2      | Reached skill level 4 in Long Blades
  1632 | D:3      | Reached XP level 5. HP: 42/46 MP: 4/4
  2097 | D:4      | Noticed an ogre
  2105 | D:4      | Killed an ogre
  2105 | D:4      | Reached skill level 5 in Long Blades
  2105 | D:4      | Reached skill level 5 in Shields
  2105 | D:4      | Reached XP level 6. HP: 30/53 MP: 5/5
  2207 | D:4      | Got a flickering platinum ring
  2214 | D:4      | Identified the ring "Odofyg" {MP+9 Dex+2 Stlth-} (You found
                  | it on level 4 of the Dungeon)
  2335 | D:4      | Reached skill level 5 in Armour
  2339 | D:4      | Identified the +11 short sword of Slime {pierce, rPois}
  2554 | D:4      | Reached skill level 6 in Long Blades
  2563 | D:4      | Reached XP level 7. HP: 39/60 MP: 6/6
  2727 | D:4      | Found a white marble altar of Elyvilon.
  2744 | D:4      | Noticed Eustachio
  2758 | D:4      | Killed Eustachio
  2758 | D:4      | Reached skill level 5 in Fighting
  2771 | D:4      | Killed from afar by an orc priest

Levels and vault maps discovered:
D:1:      lightli_iron_boxes, layout_basic
D:2:      layout_loops_ring, first_ration
D:3:      layout_rooms
D:4:      layout_basic, brannock_xom_greatest_gift, elyvilon_altar_5,
          uniq_eustachio

Skill      XL: |  1  2  3  4  5  6  7 |
---------------+----------------------+-----
Armour         | 4 5 |  5.3
Fighting       | 4 5 |  5.0
Shields        | 4 5 |  5.5
Long Blades    | 3 4 5 6 |  6.9
Dodging        | 1 2 |  2.6

Action                   |  1- 3 |  4- 6 |  7- 9 || total
-------------------------+-------+-------+-------++-------
Melee: Long sword        |    68 |   165 |     8 ||   241
       Headbutt          |     8 |    29 |     3 ||    40
       Short sword       |       |       |    14 ||    14
  Use: Potion            |       |     1 |       ||     1
  Eat: Chunk             |     1 |     4 |     3 ||     8
Armor: Scale mail        |    30 |    40 |       ||    70
       Leather armour    |       |     9 |     7 ||    16
Dodge: Dodged            |    16 |    57 |     5 ||    78
Block: Shield            |    27 |    87 |    12 ||   126
       Rpst.: Long sword |     6 |    14 |     1 ||    21

Table legend:
 A = Non-vault XP
 B = Vault XP
 C = Vault XP percentage of total XP
 D = Non-vault monster count
 E = Vault monster count
 F = Vault count percentage of total count
                 A         B        C        D         E       F
            +---------+---------+-------+---------+---------+-------
      Total |     865 |     182 |  17.4 |     116 |       1 |   0.9
            +---------+---------+-------+---------+---------+-------
        D:1 |      55 |       0 |   0.0 |      27 |       0 |   0.0
        D:2 |     108 |       0 |   0.0 |      28 |       0 |   0.0
        D:3 |     175 |       0 |   0.0 |      42 |       0 |   0.0
        D:4 |     527 |     182 |  25.7 |      19 |       1 |   5.0
            +---------+---------+-------+---------+---------+-------
